 Dungeon Crawl Stone Soup version 0.21-a0-153-g78480df (webtiles) character file.

20 4thArraOfDagon the Sneak (level 2, 0/18 HPs)
             Began as an Octopode Enchanter on Aug 1, 2017.
             Slain by an orc
             ... wielding a +0 short sword
              (7 damage)
             ... on level 3 of the Dungeon.
             The game lasted 00:00:55 (257 turns).

4thArraOfDagon the Sneak (Octopode Enchanter)        Turns: 257, Time: 00:00:55

Health: 0/18       AC:  3    Str:  7    XL:     2   Next: 79%
Magic:  1/5        EV: 13    Int: 17    God:
Gold:   33         SH:  0    Dex: 12    Spells: 2/5 levels left

rFire    . . .     SeeInvis .   a - +1 dagger
rCold    . . .     Gourm    .   (no shield)
rNeg     . . .     Faith    .   (helmet restricted)
rPois    .         Spirit   .   (no amulet)
rElec    .         Reflect  .   (no ring)
rCorr    .         Harm     .   (no ring)
MR       .....                  (no ring)
Stlth    ++++......             (no ring)
HPRegen  0.06/turn              (no ring)
MPRegen  0.09/turn              (no ring)
                                (no ring)
                                (no ring)

@: no status effects
A: almost no armour, stealthy swim, amphibious, 8 rings, constrict 8, iridescent
scales 1, camouflage 1, robust 1, gelatinous body 1
a: no special abilities


You were on level 3 of the Dungeon.
You were not hungry.

You visited 1 branch of the dungeon, and saw 3 of its levels.

You collected 33 gold pieces.

Inventory:

Hand Weapons
 a - a +1 dagger (weapon)
Scrolls
 e - a scroll of magic mapping {unknown}
 h - a scroll of teleportation {unknown}
 i - a scroll of amnesia {unknown}
 j - a scroll of fog {unknown}
 k - a scroll of identify {unknown}
Potions
 d - a potion of flight {unknown}
Books
 b - a book of Maledictions

   Spells                             Type                      Level
   a - Corona                         Hexes                        1
   b - Ensorcelled Hibernation        Hexes/Ice                    2
   c - Confuse                        Hexes                        3
   d - Tukima's Dance                 Hexes                        3
   e - Dazzling Spray                 Conjuration/Hexes            3
Comestibles
 c - a bread ration


   Skills:
 + Level 1.0 Short Blades
 + Level 2.0 Dodging
 + Level 4.7 Stealth
 + Level 2.1 Spellcasting
 + Level 3.4 Hexes


You had 2 spell levels left.
You knew the following spells:

 Your Spells              Type           Power        Failure   Level  Hunger
a - Corona                Hex            ##.....      4%          1    #......
b - Ensorcelled Hibernat  Hex/Ice        #.....       14%         2    ###....


Dungeon Overview and Level Annotations

Branches:
Dungeon (3/15)

Altars:


Innate Abilities, Weirdness & Mutations

You cannot wear most types of armour.
You are very stealthy in the water. (Stealth+)
You are amphibious.
You can wear up to eight rings at the same time.
You can use your tentacles to constrict eight enemies at once.
Your skin changes colour to match your surroundings (Stealth+).
Your rubbery body absorbs attacks. (AC +1, EV +1)
You are partially covered in iridescent scales. (AC +2)
You are robust. (+10% HP)


Message History

Confirm with . or Enter, or press ? or * to list all spells.
Aiming: Ensorcelled Hibernation
Press: ? - help, Shift-Dir - straight line, f/p - orc
Aim: an orc, wielding a short sword (chance to defeat MR: 56%)
The orc resists with significant effort.
Unknown command.
It was a potion of mutation.
You feel extremely strange.
Iridescent scales grow over part of your body.
You feel robust.
Unknown command.
It was a potion of curing.
You feel better. The orc barely misses you.
You barely miss the orc. Your grab misses the orc. You hit the orc.
You grab the orc.
The orc is lightly wounded.
You constrict the orc. The orc completely misses you.
Unknown command.
You hit the orc.
The orc is heavily wounded.
You constrict the orc. The orc hits you with a short sword!
You die...

# #.# ##...
......########
..(...o@.....####
.?..............#
.##...###<##.##.
#........#
...........
###.######## ..
..


You could see an orc.

Vanquished Creatures
  An adder (D:2)
  A leopard gecko (D:2)
  A bat (D:2)
  A giant cockroach (D:2)
  2 goblins
  4 rats
10 creatures vanquished.

Notes
Turn   | Place    | Note
-------+----------+-------------------------------------------
     0 | D:1      | 4thArraOfDagon the Octopode Enchanter began the quest for the Orb.
     0 | D:1      | Reached XP level 1. HP: 11/11 MP: 3/3
   164 | D:2      | Reached XP level 2. HP: 17/17 MP: 5/5
   212 | D:2      | Learned a level 2 spell: Ensorcelled Hibernation
   253 | D:3      | Gained mutation: You are partially covered in iridescent scales. (AC +2) [potion of mutation]
   253 | D:3      | Gained mutation: You are robust. (+10% HP) [potion of mutation]
   257 | D:3      | Slain by an orc

Vault maps used:
D:1:      dpeg_arrival_subterranean_lakeside_camping, minmay_pentomino_r4
D:2:      cheibrodos_fertilizer, minmay_randomly_rotated_circles
D:3:      uniq_purgy

Action                   || total
-------------------------++-------
Melee: Dagger            ||    21
       Constrict         ||     4
       Tentacles         ||     3
 Cast: Ensorcelled Hiber ||     2
  Use: Potion            ||     2
 Stab: Sleeping          ||     6
Armor: Skin              ||     2
Dodge: Dodged            ||    11
